 Seeded DCSS version 0.30-a0-305-g026cb31310 (webtiles) character file.

Game seed: 11917764230341425491 (custom seed)

31 purpskrrrp the Covered (level 2, -3/26 HPs)
             Began as a Demigod Fighter on Oct 22, 2022.
             Slain by an orc
             ... wielding a +0 flail
              (4 damage)
             ... on level 1 of the Dungeon.
             The game lasted 00:01:01 (706 turns).

purpskrrrp the Covered (Demigod Fighter)             Turns: 706, Time: 00:01:01

Health: -3/26      AC:  6    Str: 17    XL:     2   Next: 90%
Magic:  4/4        EV:  9    Int: 10    God:
Gold:   63         SH:  4    Dex: 13    Spells: 1/1 levels left

rFire   . . .      SeeInvis .    a - +0 war axe
rCold   . . .      Faith    .    c - +0 buckler
rNeg    . . .      Spirit   .    b - +0 scale mail
rPois   .          Reflect  .    (no helmet)
rElec   .          Harm     .    (no cloak)
rCorr   .          Rampage  .    (no gloves)
Will    .....                    (no boots)
Stlth   ..........               (no amulet)
HPRegen 0.24/turn                (no ring)
MPRegen 0.09/turn                (no ring)

@: mighty
A: high MP 1, forlorn, divine attributes
a: no special abilities


You were on level 1 of the Dungeon.
You visited 1 branch of the dungeon, and saw 1 of its levels.

You collected 63 gold pieces.

Inventory:

Hand Weapons
 a - a +0 war axe (weapon)
Armour
 b - a +0 scale mail (worn)
 c - a +0 buckler (worn)
Jewellery
 m - a +6 ring of intelligence
Scrolls
 e - 3 scrolls of identify {unknown}
 i - a scroll of fear {unknown}
 j - a scroll of fog {unknown}
Potions
 f - a potion of degeneration {unknown}
 g - a potion of brilliance {unknown}
 h - a potion of attraction {unknown}
 k - a potion of ambrosia {unknown}


   Skills:
 + Level 3.0 Fighting
 + Level 2.2 Axes
 + Level 3.0 Armour
 + Level 3.0 Shields


You had one spell level left.
You didn't know any spells.
Your spell library contained the following spells:

 Spells                   Type           Power      Damage    Failure   Level
 Malign Gateway           Summ/Tloc      0%         N/A       100%        7
 Summon Horrible Things   Summ           0%         N/A       100%        8


Dungeon Overview and Level Annotations

Branches:
Dungeon (1/15)


Innate Abilities, Weirdness & Mutations

You have an increased reservoir of magic. (+10% MP)
You shall have no god before yourself.
Your divine heritage dramatically boosts your attributes as you level up.


Message History

As you read the scroll labelled SAUTHE QU FOOPN, it crumbles to dust.
The air around you briefly surges with heat, but it dissipates.
It was a scroll of immolation.
Unknown command.
This is a scroll of acquirement!
Something appears at your feet!
You open the large door. The orc warrior closely misses you.
You closely miss the orc. x2; The orc hits you but does no damage.
You block the orc's attack.
The orc warrior hits you from afar with a +0 glaive!
Ouch! That really hurt!
The orc warrior misses you.
You hear a shout!
You barely miss the orc.
You hit the orc. x2; The orc barely misses you.
The orc warrior hits you from afar with a +0 glaive.
* * * LOW HITPOINT WARNING * * *
The orc barely misses you. The orc hits you with a +0 falchion.
* * * LOW HITPOINT WARNING * * *
You hit the orc.
The orc is moderately wounded.
You barely miss the orc. You slash the orc!
You kill the orc!
You hit the orc. The orc hits you with a +0 dagger.
* * * LOW HITPOINT WARNING * * *
The orc warrior hits you but does no damage.
The orc closely misses you.
You hit the orc.
The orc is severely wounded.
You slash the orc!
You kill the orc!
You closely miss the orc. You hit the orc.
You kill the orc!
The orc hits you but does no damage. The orc warrior barely misses you.
The orc barely misses you. The orc hits you with a +0 whip.
* * * LOW HITPOINT WARNING * * *
The orc warrior closely misses you. You block the orc's attack.
You feel very mighty all of a sudden.
The orc shouts!
The orc hits you with a +0 flail.
You die...

#...#
♣♣♣♣♣♣♣♣♣♣♣♣♣##############.#
♣♣........................#.#
...♣....♣...♣..########...#)#
♣...♣♣♣...♣♣..## ♣.♣.#...#.#
.....♣..)....#####....#...#.#
...♣...♣.....8.#.#.8..#...#.#
.♣..♣♣.♣♣.......o)....#...#.#####
..♣.......).....@oo...#...#......
.....♣♣......8.#o#._o.#.....#####
♣......♣.....#####....#...#.....#
.♣..♣♣...♣....## ♣.♣.#...#...>.#
..♣♣..♣...♣....########...#####.#
♣.♣♣.............)........#.....#
♣..♣..♣♣...♣........###...#.#....
..♣)♣..♣....♣.............#.#.###
....♣♣....................#......


You could see an orc warrior and 4 orcs.

Vanquished Creatures
  2 dart slugs (D:1)
  3 orcs (D:1)
  A giant cockroach (D:1)
  5 goblins (D:1)
  2 hobgoblins (D:1)
  3 quokkas (D:1)
  A ball python (D:1)
  2 bats (D:1)
  A frilled lizard (D:1)
  A kobold (D:1)
  A rat (D:1)
22 creatures vanquished.

Notes
Turn   | Place    | Note
-------+----------+-------------------------------------------
     0 | D:1      | purpskrrrp the Demigod Fighter began the quest for the Orb.
     0 | D:1      | Reached XP level 1. HP: 18/18 MP: 3/3
    40 | D:1      | Found a large runed translucent door.
    40 | D:1      | Found a large runed translucent door.
    42 | D:1      | Noticed an orc warrior
   245 | D:1      | Reached XP level 2. HP: 25/25 MP: 4/4
   700 | D:1      | Identified a scroll of acquirement
   700 | D:1      | Acquired 774 gold pieces
   705 | D:1      | HP: 1/26 [orc/+0 whip (2)]
   706 | D:1      | Slain by an orc

Illustrated notes

Levels and vault maps discovered:
D:1:      erik_arrival_cave_to_civilisation [erik_arrival_cave_to_temple],
          layout_basic, minivault_23

Skill      XL: |  1  2 |
---------------+-------+-----
Axes           | 2 |  2.2
Armour         | 3 |  3.0
Shields        | 3 |  3.0
Fighting       | 3 |  3.0

Action                   || total
-------------------------++-------
Melee: War axe           ||    44
  Use: Scroll            ||     2
       Potion            ||     1
Armor: Scale mail        ||    18
Dodge: Dodged            ||    36
Block: Buckler           ||     6

Table legend: (Time is in decaauts)
 A = Elapsed time spent in this place.
 B = Non-inter-level travel time spent in this place.
 C = Inter-level travel time spent in this place.
 D = Time resting spent in this place.
 E = Time spent auto-exploring this place.
 F = Levels seen in this place.
 G = Mean time per level.
                   A        B        C        D        E       F      G
               +--------+--------+--------+--------+--------+-----+--------+
         Total |    725 |    725 |      0 |      0 |    596 |   1 |  725.0 |
       Dungeon |    725 |    725 |      0 |      0 |    596 |   1 |  725.0 |
               +--------+--------+--------+--------+--------+-----+--------+

Top non-repeatable levels by time:
     D:1: 725 daAuts
